 Dungeon Crawl Stone Soup version 0.29-a0-337-g68df138881 (webtiles) character file.

Game seed: 14014252478426864010

2474 kevlar127 the Grappler (level 9, -4/89 HPs)
             Began as a Troll Berserker on Apr 17, 2022.
             Was a Priest of Trog.
             Killed by divine providence
             ... invoked by an orc priest
              (15 damage)
             ... on level 7 of the Dungeon.
             The game lasted 00:34:00 (4923 turns).

kevlar127 the Grappler (Troll Berserker)            Turns: 4923, Time: 00:34:02

Health: -4/89      AC:  5    Str: 35    XL:     9   Next: 26%
Magic:  8/8        EV:  9    Int:  3    God:    Trog [***...]
Gold:   274        SH:  7    Dex:  9    Spells: 8/8 levels left

rFire   . . .      SeeInvis +     - Unarmed
rCold   + . .      Faith    +   A - +0 kite shield
rNeg    . . .      Spirit   .   m - +2 robe of Nemelex Xobeh, Feeding {*Slow Str+6 SInv Archmagi}
rPois   .          Reflect  .   (helmet restricted)
rElec   .          Harm     .   (no cloak)
rCorr   .          Rampage  .   (gloves unavailable)
Will    ++...      Archmagi +   (boots unavailable)
Stlth   +.........              z - amulet of faith
HPRegen 2.04/turn               C - ring of protection from cold
MPRegen 0.11/turn               (no ring)

@: strong-willed (expiring), regenerating (expiring), slowed, very slow
A: large, unfitting armour, claws 3, regeneration 1, shaggy fur 1, tough skin 1,
deformed body, weak 1, noise suppression
a: Renounce Religion, Berserk, Trog's Hand


You were on level 7 of the Dungeon.
You worshipped Trog.
Trog was most pleased with you.
You visited 1 branch of the dungeon, and saw 7 of its levels.

You collected 288 gold pieces.
You spent 14 gold pieces at shops.

Inventory:

Missiles
 e - 142 stones (quivered)
 i - 4 poisoned darts
 D - 4 javelins
Armour
 a - a +0 animal skin
 m - the +2 robe of Nemelex Xobeh, Feeding (worn) {*Slow Str+6 SInv Archmagi}
   (You found it on level 2 of the Dungeon)

   Str:       It affects your strength (+6).
   SInv:      It lets you see invisible.
   *Slow:     It may slow you when you take damage.
   Archmagi:  It increases the power of your magical spells.
 A - a +0 kite shield (worn)
Magical Staves
 g - a staff of death
Jewellery
 s - a ring of fire
 z - an amulet of faith (around neck)
 C - a ring of protection from cold (left claw)
Wands
 u - a wand of digging (4)
Scrolls
 c - 2 scrolls of enchant weapon {unknown}
 d - 3 scrolls of noise
 h - 2 scrolls of fog {unknown}
 j - 13 scrolls of identify {unknown}
 l - a scroll of magic mapping {unknown}
 p - 4 scrolls of teleportation {unknown}
 q - 4 scrolls of immolation {unknown}
 r - a scroll of torment {unknown}
 t - 3 scrolls of fear {unknown}
 v - a scroll of vulnerability {unknown}
 x - 3 scrolls of enchant armour {unknown}
 y - a scroll of blinking {unknown}
Potions
 b - a potion of mutation
 f - 3 potions of attraction {unknown}
 k - 2 potions of curing {unknown}
 n - 2 potions of ambrosia {unknown}
 o - a potion of berserk rage {unknown}
 w - 2 potions of resistance
 B - 2 potions of cancellation {unknown}


   Skills:
 + Level 6.1 Fighting
 - Level 4.6 Dodging
 + Level 3.7 Shields
 * Level 8.8 Unarmed Combat


You had 8 spell levels left.
You didn't know any spells.
Your spell library contained the following spells:

 Spells                   Type           Power      Damage    Failure   Level
 Beastly Appendage        Tmut           0%         N/A       82%         1
 Pain                     Necr           0%         1d4       82%         1
 Blink                    Tloc           0%         N/A       91%         2
 Wereblood                Tmut           0%         N/A       91%         2
 Conjure Flame            Conj/Fire      0%         6-21      99%         3
 Ignite Poison            Fire/Tmut/Pois 0%         N/A       99%         3
 Lesser Beckoning         Tloc           0%         N/A       99%         3
 Spider Form              Tmut/Pois      0%         N/A       99%         3
 Sticky Flame             Conj/Fire      0%         2d3       100%        4
 Agony                    Necr           0%         N/A       100%        5
 Excruciating Wounds      Necr           0%         N/A       100%        5
 Manifold Assault         Tloc           0%         N/A       100%        5


Dungeon Overview and Level Annotations

Branches:
Dungeon (7/15)             Temple (0/1) D:7

Altars:
Dithmenos
Gozag
Hepliaklqana
Makhleb
Nemelex Xobeh
Qazlal
Uskayaw
Yredelemnul
The Shining One

Shops:
D:1 ?   D:4 (   D:5 (

Annotations:
D:7 Pikel


Innate Abilities, Weirdness & Mutations

You are too large for most types of armour.
You have claws for hands.
Your natural rate of healing is unusually fast.
You are covered in fur. (AC +1)
You have tough skin. (AC +1)
Armour fits poorly on your strangely shaped body.
You are weak. (Str -2)
You passively dampen the noise of your surroundings.


Message History

The orc hits you with a +0 club.
A lemure comes into view.
You block the lemure's attack.
You mangle the lemure!!
You kill the lemure!
That felt strangely unrewarding.
A lemure comes into view.
The orc hits you with a +0 club.
Pikel hits you with a +2 whip of flaming.
Pikel burns you.
The orc warrior attacks as you move away!
The orc warrior hits you with a +0 long sword.
The lemure shouts!
You see here a water moccasin corpse.
The orc attacks as you move away! The orc completely misses you.
You feel the effects of Trog's Hand fading.
The orc priest calls down the wrath of Beogh upon you.
Beogh smites you!
Pikel hits you with a +2 whip of flaming.
Pikel burns you. The orc hits you but does no damage.
Pikel attacks as you move away!
Pikel hits you with a +2 whip of flaming!
* * * LOW HITPOINT WARNING * * *
Pikel burns you.
* * * LOW HITPOINT WARNING * * *
It was a potion of mutation.
You feel extremely strange.
You feel weaker.
Your body twists and deforms.
You feel your surroundings grow quieter.
Pikel barely misses you. You block the orc's attack.
The orc priest calls down the wrath of Beogh upon you.
Beogh smites you!
* * * LOW HITPOINT WARNING * * *
Pikel closely misses you.
Pikel hits you with a +2 whip of flaming!
* * * LOW HITPOINT WARNING * * *
Pikel burns you.
* * * LOW HITPOINT WARNING * * *
The orc priest calls down the wrath of Beogh upon you.
Beogh smites you!
You die...

#.(....# .. +......#
.#.###.(....#
.<....5(....###
.......o....... #o#5o#####
#o#o.#...# #.#Ko..#.# ##
⌠####.@oo..#.# )
>.#.......#.#.# .#
.⌠####.......)##.# #'#
#...........# #.#
#.....#..).## ####### #.#
#.....#.##.# ......###.#
#.#..##.##.##
..........#####.......#...#
..........#...#....#....#.#


You could see Pikel, an orc warrior, a lemure, 2 orc priests, an orc wizard and
4 orcs.

Vanquished Creatures
  Joseph (D:7)
  Prince Ribbit (D:7)
  A steam dragon (D:7)
  A water moccasin (D:7)
  An orc warrior (D:7)
  A black bear (D:6)
  A sky beast (D:5)
  3 ogres
  2 lemures (D:7)
  A phantom (D:5)
  2 necrophages
  A bullfrog (D:6)
  2 scorpions
  4 hounds
  2 jellies
  2 orc priests
  2 gnoll shamans
  Natasha (thrice) (D:3)
  3 iguanas
  7 orc wizards
  7 gnolls
  7 adders
  An ufetubus (D:5)
  2 worms (D:5)
  17 orcs
  5 ball pythons
  3 endoplasms
  4 giant cockroaches
  4 goblins (D:2)
  6 hobgoblins
  2 jackals (D:5)
  6 kobolds
  3 quokkas (D:1)
  4 bats
  2 frilled lizards (D:2)
  4 rats
  A spectral orc (D:6)
119 creatures vanquished.

Notes
Turn   | Place    | Note
-------+----------+-------------------------------------------
     0 | D:1      | kevlar127 the Troll Berserker began the quest for the Orb.
     0 | D:1      | Reached XP level 1. HP: 22/22 MP: 0/0
    29 | D:1      | Found Kadghuokk's Magic Scroll Boutique.
   314 | D:1      | Reached XP level 2. HP: 26/29 MP: 1/1
  1011 | D:1      | Bought a scroll of noise for 14 gold pieces
  1052 | D:2      | Identified the +2 robe of Nemelex Xobeh, Feeding {*Slow
                  | Str+6 SInv Archmagi}
  1185 | D:2      | Reached ** piety under Trog
  1330 | D:2      | Found a faded altar of an unknown god.
  1348 | D:2      | Reached XP level 3. HP: 33/36 MP: 2/2
  2072 | D:3      | Noticed Natasha
  2078 | D:3      | Killed Natasha
  2079 | D:3      | Reached XP level 4. HP: 45/45 MP: 3/3
  2135 | D:3      | Noticed a necrophage
  2146 | D:3      | Killed a necrophage
  2147 | D:3      | Reached skill level 4 in Unarmed Combat
  2169 | D:3      | Noticed Natasha
  2173 | D:3      | Killed Natasha
  2174 | D:3      | Reached XP level 5. HP: 53/53 MP: 4/4
  2413 | D:3      | Found a glowing golden altar of the Shining One.
  2413 | D:3      | Found a burning altar of Makhleb.
  2463 | D:3      | Noticed Natasha
  2476 | D:3      | Killed Natasha
  2544 | D:4      | Noticed an ogre
  2551 | D:4      | Killed an ogre
  2552 | D:4      | Reached XP level 6. HP: 62/62 MP: 5/5
  2738 | D:4      | Found Roarch's Antique Weapon Shop.
  2793 | D:4      | Reached *** piety under Trog
  2794 | D:4      | Reached skill level 5 in Unarmed Combat
  2907 | D:4      | Found a hazy altar of Hepliaklqana.
  2908 | D:4      | Found a shadowy altar of Dithmenos.
  2908 | D:4      | Noticed a shadow
  3096 | D:5      | Entered Level 5 of the Dungeon
  3096 | D:5      | Found a hide-covered altar of Uskayaw.
  3198 | D:5      | Reached XP level 7. HP: 70/70 MP: 6/6
  3265 | D:5      | Found Gying's Weapon Emporium.
  3650 | D:5      | Reached skill level 1 in Shields
  3650 | D:5      | Reached skill level 6 in Unarmed Combat
  3826 | D:6      | Reached skill level 5 in Fighting
  3826 | D:6      | Reached XP level 8. HP: 80/80 MP: 7/7
  4030 | D:6      | Found a sparkling altar of Nemelex Xobeh.
  4190 | D:6      | Found a basalt altar of Yredelemnul.
  4261 | D:6      | Found an opulent altar of Gozag.
  4295 | D:6      | Found a stormy altar of Qazlal.
  4417 | D:6      | Reached skill level 7 in Unarmed Combat
  4604 | D:7      | Reached **** piety under Trog
  4742 | D:7      | Noticed Prince Ribbit
  4756 | D:7      | Killed Prince Ribbit
  4757 | D:7      | Reached skill level 8 in Unarmed Combat
  4835 | D:7      | Noticed Joseph
  4848 | D:7      | Killed Joseph
  4849 | D:7      | Reached XP level 9. HP: 85/89 MP: 8/8
  4886 | D:7      | Found a staircase to the Ecumenical Temple.
  4912 | D:7      | Noticed Pikel
  4922 | D:7      | Gained mutation: You are weak. (Str -2) [potion of
                  | mutation]
  4922 | D:7      | Gained mutation: Armour fits poorly on your strangely
                  | shaped body. [potion of mutation]
  4922 | D:7      | Gained mutation: You passively dampen the noise of your
                  | surroundings. [potion of mutation]
  4923 | D:7      | Killed from afar by an orc priest

Illustrated notes

Levels and vault maps discovered:
D:1:      nicolae_arrival_washed_ashore, layout_basic, serial_shops,
          shop_scrolls, minmay_misc_feat_doors, hangedman_decor_push, hex_tiny
D:2:      layout_basic, shapermc_ecumenical_altar_acropolis, minmay_tripent
D:3:      layout_loops_corners, gammafunk_temple_overflow_pools, uniq_natasha
D:4:      layout_rooms, riverfiend_overflow_shadow_ancestor, serial_shops, shop
D:5:      layout_rooms, lemuel_round_altar, serial_bayou_pond_a,
          hangedman_decor_riveting, nicolae_take_the_stairs,
          kennysheep_cluttered_room
D:6:      layout_loops_cross, overflow_temple_1_default,
          yredelemnul_forgotten_temple_becter, mainiacjoe_overflow_chevrons,
          nicolae_gozag_cash_rules_everything_around_me
D:7:      layout_basic, mainiacjoe_overflow_tiny_flanked, temple_doors_cd,
          minivault_27, uniq_joseph, uniq_prince_ribbit1, uniq_pikel

Skill      XL: |  1  2  3  4  5  6  7  8 |
---------------+-------------------------+-----
Fighting       | 3 4 5 6 |  6.1
Dodging        | 3 4 |  4.6
Unarmed Combat | 4 5 6 8 |  8.8
Shields        | 1 3 |  3.7

Action                   |  1- 3 |  4- 6 |  7- 9 || total
-------------------------+-------+-------+-------++-------
Melee: Unarmed           |    85 |    83 |   171 ||   339
       Punch             |       |     2 |     2 ||     4
Throw: Stone             |       |    11 |    12 ||    23
Invok: Berserk           |       |     1 |     5 ||     6
       Trog's Hand       |       |       |     7 ||     7
  Use: Potion            |       |       |     1 ||     1
 Stab: Sleeping          |       |     1 |       ||     1
       Distracted        |       |       |     1 ||     1
Armor: Animal skin       |    16 |       |       ||    16
       Robe              |    19 |    22 |    55 ||    96
Dodge: Dodged            |    41 |    45 |    74 ||   160
Block: Kite shield       |       |       |    55 ||    55

Table legend: (Time is in decaauts)
 A = Elapsed time spent in this place.
 B = Non-inter-level travel time spent in this place.
 C = Inter-level travel time spent in this place.
 D = Time resting spent in this place.
 E = Time spent auto-exploring this place.
 F = Levels seen in this place.
 G = Mean time per level.
                   A        B        C        D        E       F      G
               +--------+--------+--------+--------+--------+-----+--------+
         Total |   4992 |   4782 |    210 |    617 |   3185 |   7 |  713.1 |
       Dungeon |   4992 |   4782 |    210 |    617 |   3185 |   7 |  713.1 |
               +--------+--------+--------+--------+--------+-----+--------+

Top non-repeatable levels by time:
     D:1: 1011 daAuts
     D:3: 856 daAuts
     D:6: 783 daAuts
     D:5: 688 daAuts
     D:2: 677 daAuts
     D:4: 554 daAuts
     D:7: 421 daAuts
